 Dungeon Crawl Stone Soup version 0.30.1-11-g7821555f0a (webtiles) character file.

Game seed: 17445726409907877424

997 lonewolfV2 the Trooper (level 8, -4/68 HPs)
             Began as a Formicid Fighter on Nov 17, 2023.
             Slain by Duvessa
             ... wielding a +5 short sword of protection
              (8 damage)
             ... on level 5 of the Dungeon.
             The game lasted 00:04:34 (3554 turns).

lonewolfV2 the Trooper (Formicid Fighter)           Turns: 3554, Time: 00:04:35

Health: -4/68      AC:  6    Str: 21    XL:     8   Next: 42%
Magic:  8/8        EV:  9    Int:  8    God:
Gold:   155        SH:  6    Dex: 15    Spells: 7/7 levels left

rFire   . . .        a - +0 war axe (spect)
rCold   . . .        c - +1 buckler
rNeg    . . .        b - +0 scale mail
rPois   .            (helmet unavailable)
rElec   .            (no cloak)
rCorr   .            (no gloves)
SInv    +            (no boots)
Will    .....        g - amulet of magic regeneration Stlth
                     (no ring)
HPRegen 0.31/turn    (no ring)
MPRegen 0.51/turn

%: no passive effects
@: no status effects
A: permanent stasis, dig shafts and tunnels, antennae 3, four strong arms
a: Dig, Shaft Self


You were on level 5 of the Dungeon.
You visited 1 branch of the dungeon, and saw 5 of its levels.

You collected 155 gold pieces.

Inventory:

Hand Weapons
 a - a +0 spectral war axe (weapon)
Armour
 b - a +0 scale mail (worn)
 c - a +1 buckler (worn)
 h - a +0 pair of gloves
Jewellery
 g - an amulet of magic regeneration (around neck)
Wands
 n - a wand of flame (16)
Scrolls
 f - a scroll of noise
 j - a scroll of summoning
 o - a scroll of identify
 r - a scroll of enchant armour
Potions
 d - 2 potions of might
 e - 2 potions of haste
 i - a potion of curing
 k - a potion of cancellation {unknown}
 l - a potion of heal wounds
 m - a potion of flight {unknown}
 p - a potion of brilliance


   Skills:
 + Level 7.9 Fighting
 + Level 6.8 Axes
 - Level 3.2 Armour
 - Level 4.0 Shields


You had 7 spell levels left.
You didn't know any spells.
Your spell library contained the following spells:

 Spells                   Type           Power      Damage    Failure   Level
 Shock                    Conj/Air       0%         1d3       82%         1
 Scorch                   Fire           0%         2d5       91%         2
 Airstrike                Air            0%         2d(0-16)  100%        4
 Flame Wave               Conj/Fire      0%         2d4       100%        4
 Summon Cactus Giant      Summ           0%         N/A       100%        6
 Swiftness                Air            Unusable   N/A       N/A         3

Dungeon Overview and Level Annotations

Branches:
Dungeon (5/15)
 Temple: D:4-7

Altars:
Gozag

Annotations:
D:5 Duvessa


Innate Abilities, Weirdness & Mutations

You cannot be hasted, slowed, berserked, paralysed or teleported.
You can dig through walls and to a lower floor.
You have a pair of large antennae on your head. (SInv)
Your four strong arms can wield two-handed weapons with a shield.


Message History

The orc wizard casts a spell at you.
You are more confused.
Dowan hits you but does no damage.
You bump into the rock wall.
You feel sick.
You are no longer poisoned.
Duvessa, Sister of Dowan comes into view.
She is wielding a +5 short sword of protection and carrying a wand of flame (3).
Dowan closely misses you.
Unknown command.
You miss Dowan.
Dowan is severely wounded.
You closely miss the orc wizard.
Duvessa shouts!
Your +0 spectral war axe hits Dowan!
You kill Dowan!
Duvessa screams, "No!
How DARE you!"
Duvessa goes berserk!
Your +0 spectral war axe hits the orc wizard.
Your +0 spectral war axe closely misses the orc wizard.
The orc wizard hits you with a +0 dagger.
The orc wizard casts a spell at you.
The magic dart hits the orc wizard.
The orc wizard hits your +0 spectral war axe but does no damage.
Duvessa closely misses you.
Your +0 spectral war axe disappears.
You hit Duvessa.
Duvessa is lightly wounded.
You miss the orc wizard.
Your +0 spectral war axe barely misses Duvessa.
Your +0 spectral war axe hits the orc wizard! x2
You kill the orc wizard!
Your +0 spectral war axe hits Duvessa but does no damage.
Duvessa hits you with a +5 short sword of protection!! x2
* * * LOW HITPOINT WARNING * * *
You hit Duvessa but do no damage.
Duvessa is lightly wounded.
Your +0 spectral war axe hits Duvessa.
You feel less confused. You block Duvessa's attack.
Duvessa hits you with a +5 short sword of protection!
You die...

### ..# ~~.~ #.# ~~.~
#.# ~~.~P #.# #####
~.~~ #.##########....
~~~ #...............
♣~####..........#....
♣♣|e@..............##
♣~)(....#########..##
♣~......# #....
~.~~~#.##### ##...
~~.≈≈♣♣.# #### ~~.~o
~.# # ~~.~ ♣~.# ~~.~
♣..# ~P. ....


You could see Duvessa (berserk), an orc wizard and a friendly +0 spectral war
axe.

Vanquished Creatures
  Prince Ribbit (D:5)
  Blork the orc (D:4)
  A scorpion (D:5)
  Dowan (D:5)
  A jelly (D:4)
  2 hounds (D:4)
  2 gnoll boudas
  2 iguanas (D:5)
  An orc wizard (D:5)
  Natasha (twice) (D:4)
  13 gnolls
  11 adders
  An ufetubus (D:4)
  A worm (D:4)
  3 dart slugs (D:4)
  11 orcs
  6 endoplasms
  7 giant cockroaches
  9 goblins
  5 hobgoblins
  3 jackals (D:2)
  7 quokkas
  9 ball pythons
  6 bats
  A frilled lizard (D:1)
  11 kobolds
  9 rats
127 creatures vanquished.

Notes
Turn   | Place    | Note
-------+----------+-------------------------------------------
     0 | D:1      | lonewolfV2 the Formicid Fighter began the quest for the
                  | Orb.
     0 | D:1      | Reached XP level 1. HP: 18/18 MP: 1/1
   107 | D:1      | Reached XP level 2. HP: 14/24 MP: 2/2
   204 | D:1      | Reached XP level 3. HP: 29/30 MP: 3/3
   435 | D:1      | Reached skill level 4 in Fighting
   954 | D:2      | Reached XP level 4. HP: 38/38 MP: 4/4
  1069 | D:2      | Reached XP level 5. HP: 37/43 MP: 5/5
  1275 | D:2      | Reached skill level 5 in Fighting
  1679 | D:3      | Found a faded altar of an unknown god.
  1781 | D:3      | Reached XP level 6. HP: 51/51 MP: 6/6
  2224 | D:4      | Found an opulent altar of Gozag.
  2248 | D:4      | Reached skill level 6 in Fighting
  2393 | D:4      | Identified the +3 ring mail of Paygukad {-Tele rN+ Will+
                  | Int+8 Stlth-}
  2410 | D:4      | Reached skill level 5 in Axes
  2410 | D:4      | Reached XP level 7. HP: 55/58 MP: 7/7
  2430 | D:4      | Noticed Natasha
  2438 | D:4      | Killed Natasha
  2465 | D:4      | Noticed Natasha
  2472 | D:4      | Killed Natasha
  2612 | D:4      | Noticed Blork the orc
  2625 | D:4      | Killed Blork the orc
  3088 | D:5      | Entered Level 5 of the Dungeon
  3088 | D:5      | Noticed Prince Ribbit
  3098 | D:5      | Killed Prince Ribbit
  3099 | D:5      | Reached skill level 7 in Fighting
  3099 | D:5      | Reached XP level 8. HP: 31/67 MP: 8/8
  3540 | D:5      | Noticed Dowan
  3550 | D:5      | Noticed Duvessa
  3551 | D:5      | Killed Dowan
  3553 | D:5      | HP: 3/68 [Duvessa/+5 short sword of protection (18)]
  3554 | D:5      | Slain by Duvessa

Illustrated notes

Levels and vault maps discovered:
D:1:      tarquinn_simple_flora_water_b, layout_loops_ring, serial_forest,
          infiniplex_forest_corner_2, infiniplex_forest_lined_room_2,
          infiniplex_forest_lined_3_way, infiniplex_forest_zigzag_1,
          infiniplex_forest_fountain
D:2:      layout_rooms
D:3:      layout_basic, shapermc_ecumenical_altar_acropolis
D:4:      layout_cave_pools, mainiacjoe_overflow_paths, uniq_blork_the_orc,
          uniq_natasha
D:5:      layout_rooms, gammafunk_ghost_abyssal_escape, serial_bayou_lagoon_b,
          uniq_duvessa, uniq_prince_ribbit1

Skill      XL: |  1  2  3  4  5  6  7 |
---------------+----------------------+-----
Fighting       | 4 5 6 7 |  7.9
Axes           | 3 4 5 6 |  6.8
Armour         | |  3.2
Shields        | |  4.0

Action                     |  1- 3 |  4- 6 |  7- 9 || total
---------------------------+-------+-------+-------++-------
  Melee: War axe           |    88 |    98 |    60 ||   246
    Use: Scroll            |     4 |     4 |     3 ||    11
   Stab: Distracted        |       |     2 |     2 ||     4
 Armour: Scale mail        |    42 |    47 |    18 ||   107
  Dodge: Dodged            |    53 |    66 |    27 ||   146
  Block: Buckler           |    32 |    35 |    24 ||    91
